 Dungeon Crawl Stone Soup version 0.32-a0-306-gfed3edf829 (webtiles) character file.

Game seed: 1949564033990167682

97 MachoJfn the Chopper (level 4, -4/33 HPs)
             Began as a Demonspawn Gladiator on Feb 14, 2024.
             Was an Initiate of Qazlal.
             Slain by a gnoll
             ... wielding a +0 flail
             ... led by a gnoll bouda
              (8 damage)
             ... on level 6 of the Dungeon.
             The game lasted 00:06:34 (2097 turns).

MachoJfn the Chopper (Demonspawn Gladiator)         Turns: 2097, Time: 00:06:35

Health: -4/33      AC: 12    Str: 16    XL:     4   Next: 42%
Magic:  4/4        EV:  5    Int:  8    God:    Qazlal [......]
Gold:   144        SH:  0    Dex: 15    Spells: 3/3 levels left

rFire   . . .        a - +2 war axe
rCold   . . .        (no shield)
rNeg    . . .        c - +0 plate armour
rPois   .            h - +2 hat
rElec   .            (no cloak)
rCorr   .            (no gloves)
SInv    .            (no boots)
Will    .....        (no amulet) Stlth
                     (no ring)
HPRegen 0.25/turn    (no ring)
MPRegen 0.09/turn

%: no passive effects
@: about to teleport
A: hooves 1, demonic magic 1
a: Renounce Religion


You were on level 6 of the Dungeon.
You worshipped Qazlal.
Qazlal was noncommittal.
You visited 1 branch of the dungeon, and saw 4 of its levels.

You collected 144 gold pieces.

Inventory:

Hand Weapons
 a - a +2 war axe (weapon)
 p - a +2 dagger of distortion
Missiles
 d - 3 throwing nets (quivered)
 e - a javelin
 f - 19 stones
 w - 7 poisoned darts
Armour
 b - a +0 leather armour
 c - a +0 plate armour (worn)
 h - a +2 hat (worn)
Scrolls
 j - 2 scrolls of identify
 r - 2 scrolls of fog
Potions
 g - 3 potions of might
 i - a potion of ambrosia {unknown}
 k - a potion of invisibility {unknown}
 q - a potion of haste {unknown}
 s - a potion of curing {unknown}
 t - a potion of attraction {unknown}


   Skills:
 + Level 2.2 Fighting
 + Level 3.9 Axes
 - Level 1.7 Throwing
 + Level 1.5 Armour
 + Level 3.1 Dodging
 - Level 0.4 Invocations


You had 3 spell levels left.
You didn't know any spells.
Your spell library contained the following spells:

 Spells                   Type           Power      Damage    Failure   Level
 Sublimation of Blood     Necr           0%         N/A       100%        2
 Fugue of the Fallen      Necr           0%         N/A       100%        3
 Volatile Blastmotes      Fire/Tloc      0%         2d10      100%        3
 Dispel Undead            Necr           0%         3d6       100%        4
 Petrify                  Alch/Erth      0%         N/A       100%        4
 Irradiate                Conj/Alch      0%         3d11      100%        5
 Summon Forest            Summ/Tloc      0%         N/A       100%        5


Dungeon Overview and Level Annotations

Branches:
Dungeon (3/15)

Altars:
Qazlal

Shops:
D:2 *


Innate Abilities, Weirdness & Mutations

You have large cloven feet.
Spells you cast may paralyse adjacent enemies.


Message History

Found a club.
You open the door.
You hear the slow rusting of a very distant drain.
There is an open door here.
You open the door.
There is an open door here. 2 gnolls come into view.
The gnoll shouts! x2; You hear a shout! x2
A gnoll comes into view. It is wielding a +0 halberd.
The gnoll moves out of view.
A gnoll comes into view. It is wielding a +0 spear.
The gnoll shouts!
A gnoll bouda comes into view. It is wielding a +0 club.
A gnoll breaks down the door.
You open the door.
There is an open door here.
A gnoll is nearby!
You hit the gnoll.
The gnoll is lightly wounded.
The gnoll hits you with a +0 flail. The gnoll barely misses you.
You barely miss the gnoll. You kick the gnoll.
The gnoll is moderately wounded.
The gnoll hits you with a +0 flail!
The gnoll hits you from afar with a +0 halberd!
The gnoll closely misses you.
You hit the gnoll.
The gnoll is severely wounded.
The gnoll hits you from afar with a +0 halberd.
The gnoll hits you from afar with a +0 spear.
* * * LOW HITPOINT WARNING * * *
The gnoll hits you but does no damage.
The gnoll hits you from afar with a +0 halberd.
* * * LOW HITPOINT WARNING * * *
Okay, then.
As you read the scroll of teleportation, it crumbles to dust.
You feel strangely unstable. The gnoll hits you but does no damage.
The gnoll barely misses you. The gnoll attacks as it pursues you!
The gnoll barely misses you. The gnoll hits you with a +0 flail!
You die...

###### #....# #....#
#....# #....# ######
#....## #....##
#..... #...@.# #.....
#..g..# #.....
#..g############.....
#..g#...........#'###
#...'...........#....
#...#..ggg......#....
#...#...........#...#
#####...........#####
###+##g..........


You could see 3 gnolls.

Vanquished Creatures
  An adder (D:2)
  An orc (D:3)
  8 ball pythons
  4 endoplasms
  A giant cockroach (D:1)
  6 hobgoblins
  6 quokkas
  3 bats
  4 frilled lizards
  3 goblins
  7 kobolds
  6 rats
50 creatures vanquished.

Notes
Turn   | Place    | Note
-------+----------+-------------------------------------------
     0 | D:1      | MachoJfn the Demonspawn Gladiator began the quest for the
                  | Orb.
     0 | D:1      | Reached XP level 1. HP: 16/16 MP: 1/1
   166 | D:1      | Gained mutation: Spells you cast may paralyse adjacent
                  | enemies. [demonic ancestry]
   166 | D:1      | Reached XP level 2. HP: 18/22 MP: 2/2
   418 | D:1      | Got the Compendium of Sciomancy and the Geodesic
   649 | D:1      | Reached XP level 3. HP: 26/27 MP: 3/3
  1161 | D:2      | Found Suesy's General Store.
  1398 | D:3      | Reached skill level 1 in Armour
  1468 | D:3      | Gained mutation: You have large cloven feet. [demonic
                  | ancestry]
  1468 | D:3      | Reached XP level 4. HP: 30/33 MP: 4/4
  1496 | D:3      | Found a stormy altar of Qazlal.
  1542 | D:3      | Became a worshipper of Qazlal Stormbringer
  2005 | D:3      | You fall into a shaft and drop 3 floors!
  2097 | D:6      | Slain by a gnoll

Illustrated notes

Levels and vault maps discovered:
D:1:      lemuel_arrival_rhombus, layout_basic, serial_aquarium,
          aquarium_bridge_square [aquarium_subvault_wall,
          aquarium_subvault_bridge, aquarium_subvault_wall,
          aquarium_subvault_wall], aquarium_bridge_long_joined
          [aquarium_subvault_wall, aquarium_subvault_bridge,
          aquarium_subvault_balcony, aquarium_subvault_bridge,
          aquarium_subvault_window, aquarium_subvault_balcony],
          aquarium_window_3, aquarium_window_1, aquarium_window_1,
          aquarium_view_2f, aquarium_balcony_3a, aquarium_pool_1
D:2:      layout_basic, serial_shops, nicolae_shop_statue_plus
D:3:      layout_loops_ring, nicolae_qazlal_eye_of_the_storm
D:6:      layout_gridville, portal_sewer_entry_f

Skill      XL: |  1  2  3 |
---------------+----------+-----
Axes           | 3 |  3.9
Dodging        | 3 |  3.1
Armour         | 1 |  1.5
Fighting       | |  2.2
Throwing       | |  1.7
Invocations    | |  0.4

Action                     |  1- 3 |  4- 6 || total
---------------------------+-------+-------++-------
  Melee: War axe           |    99 |    52 ||   151
         Kick              |       |    12 ||    12
    Use: Scroll            |     1 |    10 ||    11
 Armour: Leather armour    |    14 |       ||    14
         Plate armour      |    77 |    57 ||   134
         Skin              |     3 |       ||     3
  Dodge: Dodged            |    39 |    18 ||    57

Table legend: (Time is in decaauts)
 A = Elapsed time spent in this place.
 B = Non-inter-level travel time spent in this place.
 C = Inter-level travel time spent in this place.
 D = Time resting spent in this place.
 E = Time spent auto-exploring this place.
 F = Levels seen in this place.
 G = Mean time per level.
                   A        B        C        D        E       F      G
               +--------+--------+--------+--------+--------+-----+--------+
         Total |   2145 |   1932 |    213 |    110 |   1305 |   4 |  536.2 |
       Dungeon |   2145 |   1932 |    213 |    110 |   1305 |   4 |  536.2 |
               +--------+--------+--------+--------+--------+-----+--------+

Top non-repeatable levels by time:
     D:1: 888 daAuts
     D:3: 663 daAuts
     D:2: 500 daAuts
     D:6: 92 daAuts
